 Dungeon Crawl Stone Soup version 0.19.1 (webtiles) character file.

898735 nikopol the Merry Gargoyle (level 27, -30/193 HPs)
             Began as a Gargoyle Berserker on Dec 11, 2016.
             Was the Champion of Trog.
             Killed from afar by a hellion (34 damage)
             ... with damnation
             ... summoned by Ereshkigal
             ... on level 7 of Tartarus on Dec 13, 2016.
             The game lasted 07:43:17 (103174 turns).

nikopol the Merry Gargoyle (Gargoyle Berserker)   Turns: 103174, Time: 07:43:17

Health: -30/193    AC: 73    Str: 30    XL:     27
Magic:  0/23       EV: 17    Int:  9    God:    Trog [******]
Gold:   7977       SH:  2    Dex: 13    Spells: 0 memorised, 26 levels left

rFire  + . .     SeeInvis +     a - +8 frozen axe "Frostbite" {freezing cloud, *Noise +Fly rC+}
rCold  + + .     Gourm    .     V - +7 gold dragon scales
rNeg   + + +     Faith    .     (shield currently unavailable)
rPois  ∞         Spirit   +     X - +2 hat of the Bear Spirit {Spirit, +Rage rN+ MR++}
rElec  +         Reflect  +     i - +2 cloak {MR+}
rCorr  .         Harm     .     G - +2 pair of gloves {Str+3}
MR     +++++                    u - +4 pair of boots of Happy Babbling {Slay+2}
Stlth  ..........               D - amulet of Siklethut {Reflect Str+2 SH+2 SInv}
                                C - ring of positive energy (curse)
                                (no ring)

@: very slightly contaminated, hasted, studying Ice Magic, silenced, very quick
A: big wings, beak, talons 1, iridescent scales 1, slimy green scales 1, see
invisible, clumsy 2, negative energy resistance 1, electricity resistance,
unbreathing, petrification resistance, rot immunity, subdued magic 2, AC +20
a: Fly, Renounce Religion, Evoke Berserk Rage, Evoke Flight
}: 5/15 runes: serpentine, barnacled, slimy, silver, iron


You were on level 7 of Tartarus.
You worshipped Trog.
Trog was exalted by your worship.
You were hungry.

You visited 14 branches of the dungeon, and saw 71 of its levels.
You visited 1 bazaar.
You also visited: Bailey and Ice Cave.

You collected 10402 gold pieces.
You spent 2425 gold pieces at shops.

Inventory:

Hand Weapons
 a - the +8 frozen axe "Frostbite" (weapon) {freezing cloud, *Noise +Fly rC+}
   (You found it on level 7 of the Iron City of Dis)

   It has been specially enchanted to freeze those struck by it, causing extra
   injury to most foes and up to half again as much damage against particularly
   susceptible opponents.
   It can also slow down cold-blooded creatures.
   It protects you from cold.
   It lets you fly.
   It may make noises in combat.
 z - a +9 longbow of freezing
 H - a cursed +6 executioner's axe of chopping
 P - a +9 battleaxe of chopping
Missiles
 e - 2062 arrows (quivered)
Armour
 i - a +2 cloak of magic resistance (worn)
 u - the +4 pair of boots of Happy Babbling (worn) {Slay+2}
   (You acquired it on level 1 of the Lair of Beasts)

   It affects your accuracy and damage with ranged weapons and melee attacks
   (+2).
 G - a +2 pair of gloves of strength (worn)
 V - +7 gold dragon scales (worn)
 X - the +2 hat of the Bear Spirit (worn) {Spirit, +Rage rN+ MR++}
   (You found it on level 4 of the Depths)

   It protects you from negative energy.
   It affects your resistance to hostile enchantments.
   It lets you go berserk.
Jewellery
 C - a cursed ring of positive energy (right hand)
 D - the amulet of Siklethut (around neck) {Reflect Str+2 SH+2 SInv}
   (You took it off a deep elf demonologist on level 3 of the Elven Halls)

   [amulet of reflection]

   It shields you and reflects attacks.
   It affects your strength (+2).
   It lets you see invisible.
   It affects your SH (+2).
 F - the ring of Qunac {rElec MR+ MP+9 Int-2 Dex+5}
   (You bought it in a shop on level 1 of the Shoals)

   [ring of magical power]

   It affects your intelligence (-2).
   It affects your dexterity (+5).
   It insulates you from electricity.
   It affects your resistance to hostile enchantments.
   It affects your magic capacity (+9).
 M - an uncursed ring of protection from fire
Wands
 t - a wand of disintegration (16/24)
 U - a wand of digging (13/24)
 Y - a wand of heal wounds (7/9)
 Z - a wand of teleportation (4/9)
Scrolls
 f - 10 scrolls of recharging
 j - 12 scrolls of magic mapping
 p - 3 scrolls of silence
 r - 33 scrolls of teleportation
 s - 7 scrolls of identify
 x - 2 scrolls of brand weapon
 A - 4 scrolls of blinking
 N - 12 scrolls of remove curse
 S - 6 scrolls of fog
 T - 7 scrolls of fear
Potions
 d - 2 potions of cancellation
 g - 3 potions of agility
 k - 25 potions of curing
 m - 5 potions of heal wounds
 n - 8 potions of brilliance
 o - 7 potions of berserk rage
 q - 5 potions of flight
 v - a potion of invisibility {unknown}
 B - 8 potions of magic
 E - a potion of resistance
 I - a potion of ambrosia
 K - 6 potions of cure mutation
 O - 7 potions of haste
 R - 3 potions of might
Books
 y - a manual of Ice Magic Trog disapproves of the use of such an item.
Comestibles
 b - 3 chunks of flesh
 c - 29 bread rations
 l - 23 meat rations
 w - 25 fruits
 L - 3 beef jerkies


   Skills:
 + Level 25.3 Fighting
 + Level 26.5 Axes
 O Level 27 Bows
 + Level 24.9 Armour
 + Level 20.6 Dodging
 + Level 8.0 Stealth


You had 26 spell levels left.
You didn't know any spells.

Dungeon Overview and Level Annotations

Branches:
Dungeon (15/15)            Temple (0/1) D:4            Lair (6/6) D:9
 Shoals (4/4) Lair:4        Snake (4/4) Lair:3        Slime (5/5) Lair:5
    Orc (2/2) D:11            Elf (3/3) Orc:2        Vaults (5/5) D:14
  Crypt (3/3) Vaults:2       Tomb (0/3) Crypt:3      Depths (5/5) D:15
   Hell (1/1)                 Dis (7/7) Hell            Geh (0/7) Hell
    Coc (0/7) Hell            Tar (7/7) Hell            Zot (4/5) Depths:5

Altars:
Ashenzari
Cheibriados
Elyvilon
Fedhas
Kikubaaqudgha
Nemelex Xobeh
Okawaru
Ru
Trog
Uskayaw
Vehumet
Yredelemnul
Zin
Beogh
Jiyva

Shops:
D:6 *   D:8 ?   D:9 =   Orc:2 %[!%   Elf:2 !   Elf:3 (   Shoals:1 =
Vaults:3 %   Vaults:4 %   Vaults:5 %   Depths:2 }}=

Portals:
Hell: Depths:1 Depths:2 Depths:3 Depths:4 Depths:5
Abyss: Depths:1 Depths:3 Depths:4
Pandemonium: Depths:3 Depths:5
Ziggurat: Depths:1
Trove: Depths:2 (give 2 scrolls of acquirement)

Annotations:
Depths:2 1 runed door
Tar:7 Ereshkigal


Innate Abilities, Weirdness & Mutations

You are resistant to torment.
Your stone body is resilient. (AC +20)
You are immune to poison.
Your large and strong wings let you fly indefinitely.
You resist negative energy. (rN+)
You are resistant to electric shocks. (rElec)
You can survive without breathing.
You are immune to petrification.
You are immune to rotting.
You have a beak for a mouth.
You have sharp toenails.
You are partially covered in iridescent scales. (AC +2)
You are partially covered in slimy green scales. (AC +2)
You have supernaturally acute eyesight. (SInv)
You are very clumsy. (Dex -4)
Your spells are easier to cast, but less powerful.


Message History

Ereshkigal's surroundings become eerily quiet.
The skeletal warrior misses you.
Things that are here:
a glowing executioner's axe {god gift}; 2 arrows Ereshkigal is engulfed in freezing vapours.
You see here a whip of venom.
The skeletal warrior hits you but does no damage.
Ereshkigal gestures.
A wraith comes into view.
There is a large open door here.
There is a large open door here.
The hellion gestures at you.
The sphere of damnation explodes!
The damnation engulfs you!
* * * LOW HITPOINT WARNING * * *
The hellion gestures at you.
The sphere of damnation explodes!
The damnation engulfs you!
* * * LOW HITPOINT WARNING * * *
The hellion gestures at you.
The sphere of damnation explodes!
The damnation engulfs you!
You die...

#..#..# #..##.........##((...#
#..#..# #...##....(...().....#
#..#..# #...##......)(......#
#..#..# #...###...).)......#
#..#..# ####....'.2..........#
#..#..#####)|##...'&.12....(....
#..#......#..###''#''###........
#..#......')..#...3z...###......
#..'......'...'@..'......###....
#..'......#...'...###...... ##..
#..####################.W.. #..#
###.....###.. #..#
###....∩....### #..###
###.............###
#....######.................###
#......##.....................##
###.........)...................


You could see Ereshkigal, a Tzitzimitl, a reaper, a skeletal warrior, a soul
eater and a hellion.

Vanquished Creatures
  Dissolution (Slime:2)
  the Royal Jelly (Slime:5)
  the Serpent of Hell (Tar:7)
  Dispater (Dis:7)
  An orb of fire (Zot:3)
  The ghost of Quirk the Conqueror, a legendary MiFi of Zin (Dis:7)
  A juggernaut (Depths:5)
  Mennas (Vaults:4)
  Mara (Vaults:4)
  3 ancient liches
  Sojobo (Depths:1)
  Bai Suzhen (Depths:3)
  Saint Roka (Depths:4)
  Frederick (Vaults:4)
  A caustic shrike (Depths:2)
  16 golden dragons
  Geryon (Hell)
  Nikola (Elf:3)
  6 bone dragons
  3 electric golems
  13 Tzitzimimeh
  13 iron giants
  7 liches
  4 Brimstone Fiends (Dis:7)
  7 Ice Fiends
  3 doom hounds
  9 Hell Sentinels
  20 tentacled monstrosities
  2 deep elf master archers (Elf:3)
  3 deep elf blademasters
  8 quicksilver dragons
  7 titans
  19 acid blobs
  A kraken (Shoals:4)
  4 eldritch tentacles
  22 ancient champions
  2 Executioners
  Kirke (Shoals:4)
  9 sphinxes
  6 tengu reavers
  Frances (Elf:1)
  8 death cobs
  4 draconian monks
  11 shadow dragons
  A revenant (Crypt:1)
  Donald (Orc:2)
  14 azure jellies
  An azure jelly (shapeshifter) (Vaults:5)
  12 storm dragons
  2 cacodemons
  14 fire giants
  16 vault wardens
  3 draconian knights
  Aizul (Snake:3)
  11 deep elf sorcerers
  4 ghost moths
  2 balrugs
  8 nagarajas
  12 frost giants
  2 orc warlords
  8 iron dragons
  6 deep elf elementalists
  2 draconian scorchers (Zot:1)
  A caustic shrike zombie (Depths:4)
  3 draconian zealots
  A curse skull (Crypt:1)
  4 draconian shifters
  The ghost of Lovchig the Severer, a journeyman DDFi of Uskayaw (Slime:1)
  8 ghouls (Crypt:2)
  2 draconian annihilators
  17 ironheart preservers
  5 spriggan defenders
  31 stone giants
  35 war gargoyles
  24 very ugly things
  63 reapers
  14 vampire knights
  3 entropy weavers
  7 black draconians
  2 draconian callers
  6 deep elf annihilators
  2 lorocyprocas
  7 deep elf demonologists
  9 mottled draconians
  A dire elephant (D:15)
  Azrael (D:14)
  12 spark wasps
  5 red draconians
  10 white draconians
  4 green draconians
  A purple draconian (Zot:1)
  7 yellow draconians
  6 merfolk javelineers
  14 ettins
  4 eidola (Crypt:2)
  A green death (Dis:3)
  11 deep elf death magi
  26 yaktaur captains
  14 fire dragons
  6 merfolk impalers
  2 blizzard demons
  4 crystal guardians
  18 jiangshi
  22 great orbs of eyes
  9 death oozes
  21 ogre magi
  9 deep elf high priests
  6 quicksilver dragon zombies
  Harold (Lair:4)
  Fannar (D:12)
  13 ice dragons
  35 vault guards
  2 rakshasas
  14 naga warriors
  A monstrous demonspawn (Depths:3)
  2 hell beasts
  16 hydras
  4 quicksilver dragon skeletons
  3 ghost crabs
  8 spriggan air magi
  Erica (D:11)
  8 merfolk avatars
  10 anacondas
  13 centaur warriors
  3 death knights
  2 satyrs
  A queen ant (Lair:6)
  8 deep troll shamans
  An anaconda (shapeshifter) (Vaults:5)
  27 dancing weapons
  2 merfolk aquamancers
  3 titan zombies
  23 hell hogs
  11 vampire magi
  6 death yaks
  A hell hog (shapeshifter) (Depths:3)
  A spriggan berserker (Depths:5)
  9 tengu warriors
  10 deep troll earth magi
  5 sun demons
  14 hell knights
  14 shock serpents
  15 soul eaters
  4 spriggans
  8 naga sharpshooters
  Nergalle (Orc:1)
  3 storm dragon zombies
  Sonja (D:10)
  19 deep elf knights
  A storm dragon skeleton (Tar:7)
  17 iron trolls
  A fire crab (Lair:6)
  14 iron golems
  3 unseen horrors
  11 shadow wraiths
  16 sea snakes
  A titan skeleton (Tar:4)
  A glowing orange brain (shapeshifter) (Vaults:3)
  3 large abominations (Vaults:5)
  8 salamander mystics
  168 skeletal warriors
  A sixfirhy (Zot:4)
  A swamp dragon (shapeshifter) (Depths:2)
  2 ghost moth zombies
  6 anaconda zombies
  An iron giant zombie (Crypt:2)
  5 wizards
  16 naga ritualists
  3 golden dragon zombies
  35 deep trolls
  8 glowing orange brains
  15 ironbrand convokers
  9 shadow demons
  4 shadow dragon zombies
  10 flayed ghosts
  10 hill giants
  A gelid demonspawn (Depths:3)
  A tengu zombie (Depths:4)
  30 deep elf archers
  2 lindwurms (Lair:3)
  3 anaconda skeletons
  An iron giant skeleton (Crypt:1)
  A harpy (shapeshifter) (Depths:4)
  14 necromancers
  A golden dragon skeleton (Tar:6)
  13 orc knights
  5 stone giant zombies
  3 fire giant zombies
  30 phantasmal warriors
  3 shadow dragon skeletons
  24 harpies
  An orb spider (shapeshifter) (Vaults:4)
  11 mana vipers
  54 ugly things
  4 iron dragon zombies
  A wolf spider (shapeshifter) (Depths:4)
  3 frost giant zombies
  9 shining eyes
  5 wolf spiders
  An iron dragon skeleton (Dis:1)
  10 cyclopes
  5 wolf spider zombies
  A moth of wrath (shapeshifter) (Vaults:5)
  A cyclops (shapeshifter) (Depths:3)
  6 fauns
  20 moths of wrath
  10 orc sorcerers
  71 deep elf magi
  28 manticores
  A shining eye (shapeshifter) (D:14)
  2 fire giant skeletons
  A frost giant skeleton (Crypt:3)
  17 vault sentinels
  8 elephants
  10 salamanders
  5 guardian serpents
  An elephant (shapeshifter) (Vaults:5)
  2 elf zombies
  5 ice statues
  4 stone giant skeletons
  5 sirens
  An orange demon (Hell)
  6 dire elephant zombies
  3 eyes of devastation
  16 naga magi
  Psyche (D:8)
  2 smoke demons (Hell)
  4 shock serpent zombies
  4 water nymphs
  A guardian serpent (shapeshifter) (Vaults:2)
  41 black mambas
  A titan simulacrum (Hell)
  19 hellions
  76 yaktaurs
  2 dire elephant skeletons
  44 rust devils
  3 catoblepas zombies
  15 spiny frogs
  4 rime drakes
  A grey draconian zombie (Crypt:2)
  2 efreet
  The ghost of nikopol the Skirmisher, a novice GrBe of Trog (D:4)
  21 freezing wraiths
  3 emperor scorpion zombies
  24 red devils
  10 komodo dragons
  2 elf skeletons
  26 ice devils
  30 tormentors
  A golden dragon simulacrum (Hell)
  6 hydra zombies
  3 minotaur zombies
  4 silent spectres
  4 harpy zombies
  30 merfolk
  2 tengu conjurers (Depths:5)
  8 trolls
  A pale draconian skeleton (Crypt:1)
  A minotaur skeleton (Tar:7)
  42 two-headed ogres
  A jumping spider (Vaults:4)
  5 polar bears (Lair:6)
  9 wind drakes
  11 blink frogs
  A shadow dragon simulacrum (Depths:4)
  8 hornets
  A raiju (shapeshifter) (Depths:4)
  A two-headed ogre (shapeshifter) (Vaults:1)
  A hippogriff (shapeshifter) (Depths:1)
  2 polar bears (shapeshifter)
  6 raiju (Zot:4)
  5 ettin zombies
  4 hydra skeletons
  7 snapping turtles
  A fire dragon zombie (Dis:1)
  155 slime creatures
  9 dream sheep
  A frost giant simulacrum (Hell)
  2 bog bodies (Crypt:2)
  A stone giant simulacrum (Hell)
  18 hippogriffs
  11 ice dragon zombies
  2 alligator zombies
  2 alligator skeletons
  71 flying skulls
  18 water elementals
  2 spriggans (shapeshifter)
  3 black mamba zombies
  27 shadows
  13 air elementals
  2 redbacks (shapeshifter)
  2 fire dragon skeletons
  An ettin skeleton (Dis:1)
  A hog (Shoals:4)
  4 redbacks
  20 wraiths
  41 yaks
  7 fire elementals
  A hog (shapeshifter) (D:11)
  6 fire bats (D:13)
  A vampire (D:15)
  3 ice dragon skeletons
  A golden eye (shapeshifter) (Vaults:5)
  7 wyverns
  A yak (shapeshifter) (Depths:1)
  A fire bat (shapeshifter) (Vaults:5)
  8 basilisks
  19 golden eyes
  3 hungry ghosts
  2 mottled dragons
  2 merfolk zombies (Dis:7)
  A chaos spawn (Depths:3)
  Menkaure (D:5)
  7 vampire mosquitoes
  14 wargs
  62 nagas
  An infernal demonspawn zombie (Crypt:1)
  A naga (shapeshifter) (Depths:3)
  2 spiny frog zombies
  61 hell hounds
  19 soldier ants (Lair:6)
  16 water moccasins
  A hydra simulacrum (Hell)
  2 merfolk skeletons
  9 porcupines
  A hell hound (shapeshifter) (D:15)
  3 floating eyes
  2 spiny frog skeletons
  A black bear (D:9)
  A torturous demonspawn skeleton (Crypt:1)
  6 sky beasts
  2 manticore zombies
  40 orc warriors
  13 ice beasts
  2 swamp dragon zombies
  21 necrophages
  4 snapping turtle zombies
  6 phantoms
  68 ogres
  13 boggarts
  36 centaurs
  2 eyes of draining (Slime:5)
  2 snapping turtle skeletons (Crypt:3)
  14 wolves
  3 manticore skeletons
  8 crocodiles
  Blork the orc (D:5)
  A salamander zombie (Crypt:2)
  3 big kobolds
  An octopode zombie (Crypt:1)
  A draconian zombie (Crypt:1)
  24 bullfrogs
  A merfolk simulacrum (Tar:4)
  2 wyvern zombies (D:14)
  6 earth elementals
  A spiny frog simulacrum (Hell)
  A wyvern skeleton (D:14)
  A yak zombie (Crypt:2)
  A scorpion (D:4)
  47 wights
  A spriggan zombie (Dis:3)
  A spriggan skeleton (Tar:4)
  9 electric eels
  A howler monkey (D:8)
  14 crimson imps
  4 bullfrog zombies
  A lava snake (Lair:2)
  6 centaur zombies
  4 human zombies
  A quasit (Depths:3)
  3 draconian simulacra (IceCv)
  A bullfrog skeleton (D:13)
  4 hounds
  2 jellies
  Crazy Yiuf (D:2)
  18 orc priests
  5 iguanas
  60 iron imps
  A centaur skeleton (D:7)
  5 lightning spires (Zot:4)
  56 orc wizards
  5 hell rats (Lair:6)
  28 worker ants
  2 spriggan simulacra (IceCv)
  An ogre zombie (Dis:7)
  A centaur simulacrum (IceCv)
  A demigod skeleton (Crypt:2)
  A hound zombie (D:5)
  3 hound skeletons
  8 mummies
  2 worker ant zombies
  19 gnolls
  10 adders
  A naga simulacrum (IceCv)
  3 ogre simulacra (IceCv)
  6 river rats (D:8)
  10 shadow imps
  A white imp (Depths:3)
  2 adder zombies (D:5)
  2 adder skeletons (D:5)
  5 worms
  4 ball lightnings (Zot:4)
  2 dart slugs
  9 leopard geckos
  138 orcs
  3 giant cockroaches
  21 goblins
  29 hobgoblins
  11 jackals
  2 quokkas
  3 ball pythons
  A ball python zombie (Crypt:2)
  3 bats
  4 frilled lizards
  A jackal skeleton (D:4)
  25 kobolds
  A kobold skeleton (Crypt:2)
  A leopard gecko skeleton (D:5)
  2 quokka zombies
  16 rats
  5 crawling corpses
  14 fungi
  14 plants
  3 tentacles (Shoals:4)
4088 creatures vanquished.

Vanquished Creatures (collateral kills)
  A juggernaut (Depths:4)
  An azure jelly (Slime:5)
  An entropy weaver (Lair:6)
  2 vault guards
  A hydra (Lair:6)
  A rakshasa (D:14)
  A centaur warrior (D:14)
  A naga sharpshooter (Snake:4)
  5 iron golems (Dis:7)
  A spriggan (Depths:4)
  A flayed ghost (Depths:4)
  An orc sorcerer (Orc:2)
  A freezing wraith (D:14)
  A hornet (Depths:4)
  3 nagas (Snake:4)
  4 soldier ants (Lair:6)
  A water moccasin (Lair:6)
  2 orc warriors
  A wight (D:14)
  A wyvern simulacrum (D:14)
  An orc wizard (Orc:2)
  4 worker ants (Lair:6)
  An orc (Bailey)
  A goblin (Bailey)
38 creatures vanquished.

Vanquished Creatures (others)
  A lich (Depths:1)
  2 eldritch tentacles (Dis:3)
  A draconian monk (Zot:4)
  A storm dragon (Zot:4)
  Ilsuiw (Shoals:4)
  2 black draconians (Zot:4)
  A shadow wraith (Tar:7)
  A skeletal warrior (Crypt:3)
  A guardian serpent (Snake:4)
  3 yaktaurs
  3 humans (Shoals:4)
  A boggart (D:15)
  4 hell rats (Hell)
  A ball lightning (Zot:4)
  An orc (D:7)
  A bush (Lair:6)
  6 fungi
  37 plants
  3 tentacles (Shoals:4)
  9 toadstools (Lair:3)
80 creatures vanquished.

Grand Total: 4206 creatures vanquished

Notes
Turn   | Place    | Note
-------+----------+-------------------------------------------
     0 | D:1      | nikopol the Gargoyle Berserker began the quest for the Orb.
     0 | D:1      | Reached XP level 1. HP: 14/14 MP: 1/1
   514 | D:1      | Reached XP level 2. HP: 19/19 MP: 2/2
  1155 | D:2      | Reached XP level 3. HP: 22/23 MP: 3/3
  1611 | D:2      | Found a runed door.
  1831 | D:2      | Reached XP level 4. HP: 29/29 MP: 4/4
  1858 | D:2      | Found a glowing silver altar of Zin.
  2004 | D:2      | Reached ** piety under Trog
  2135 | D:2      | Noticed Crazy Yiuf
  2142 | D:2      | Killed Crazy Yiuf
  2429 | D:3      | Reached XP level 5. HP: 33/33 MP: 5/5
  2520 | D:3      | Found a faded altar of an unknown god.
  2520 | D:3      | Found a bloodstained altar of Trog.
  2531 | D:3      | Found a faded altar of an unknown god.
  2533 | D:3      | Found a faded altar of an unknown god.
  2534 | D:3      | Found a faded altar of an unknown god.
  2665 | D:3      | Found a snail-covered altar of Cheibriados.
  2731 | D:3      | Found a hide-covered altar of Uskayaw.
  3419 | D:4      | Reached XP level 6. HP: 32/39 MP: 6/6
  3527 | D:4      | Noticed nikopol's ghost (novice GrBe)
  4805 | D:4      | Found a staircase to the Ecumenical Temple.
  4948 | D:4      | Reached skill level 5 in Fighting
  4962 | D:4      | Found an iron altar of Okawaru.
  5183 | D:3      | Reached XP level 7. HP: 7/44 MP: 7/7
  5480 | D:4      | Killed nikopol's ghost
  5696 | D:4      | Reached *** piety under Trog
  5745 | D:4      | Reached skill level 5 in Armour
  6267 | D:5      | Entered Level 5 of the Dungeon
  6328 | D:5      | Reached XP level 8. HP: 51/51 MP: 8/8
  6484 | D:5      | Noticed Menkaure
  6489 | D:5      | Killed Menkaure
  6629 | D:5      | Got a translucent cloak
  6640 | D:5      | Identified the +0 cloak of Loss {rElec Int+6} (You found it on level 5 of the Dungeon)
  6711 | D:5      | Found a white marble altar of Elyvilon.
  6769 | D:5      | Reached skill level 5 in Axes
  6947 | D:5      | Noticed Blork the orc
  6963 | D:5      | Killed Blork the orc
  6963 | D:5      | Reached skill level 1 in Bows
  7274 | D:5      | Reached skill level 2 in Bows
  7411 | D:5      | Found a basalt altar of Yredelemnul.
  7823 | D:6      | Reached XP level 9. HP: 56/56 MP: 9/9
  7837 | D:6      | Reached **** piety under Trog
  7976 | D:6      | Found Sin Hi Ilog's General Store.
  8139 | D:6      | Reached skill level 3 in Bows
  8749 | D:7      | Reached skill level 5 in Dodging
  8881 | D:7      | Found a flagged portal.
  8908 | Bailey   | Entered a bailey
  9090 | Bailey   | Reached skill level 4 in Bows
  9468 | Bailey   | Noticed an orc knight
  9487 | Bailey   | Reached ***** piety under Trog
  9492 | Bailey   | Killed an orc knight
  9492 | Bailey   | Reached skill level 5 in Bows
  9496 | Bailey   | Reached XP level 10. HP: 35/63 MP: 10/10
 10204 | Bailey   | Noticed an orc knight
 10205 | Bailey   | Noticed an orc warlord
 10224 | Bailey   | Killed an orc knight
 10238 | Bailey   | Killed an orc warlord
 10238 | Bailey   | Reached skill level 6 in Bows
 10844 | Bailey   | Received a gift from Trog
 11216 | D:6      | Bought the +0 mask of the Dragon {MR+ Slay+3 SInv} for 467 gold pieces
 11749 | D:7      | Reached skill level 7 in Bows
 11749 | D:7      | Reached XP level 11. HP: 45/69 MP: 11/11
 12364 | D:8      | Found a blossoming altar of Fedhas.
 12616 | D:8      | Noticed Psyche
 12626 | D:8      | Killed Psyche
 12669 | D:8      | Found Jaumycee's Magic Scroll Shoppe.
 12763 | D:8      | Gained mutation: You have supernaturally acute eyesight. (SInv) [potion of beneficial mutation]
 12765 | D:8      | Gained mutation: You are partially covered in iridescent scales. (AC +2) [potion of beneficial mutation]
 13062 | D:9      | Found Ruzxuff's Jewellery Boutique.
 13167 | D:9      | Found a staircase to the Lair.
 13322 | D:9      | Reached skill level 8 in Bows
 13894 | D:9      | Found a shattered altar of Ashenzari.
 14044 | D:10     | Entered Level 10 of the Dungeon
 14044 | D:10     | Noticed Sonja
 14048 | D:10     | Killed Sonja
 14103 | D:10     | Received a gift from Trog
 14430 | D:10     | Noticed a hill giant
 14439 | D:10     | Killed a hill giant
 14660 | Lair:1   | Entered Level 1 of the Lair of Beasts
 14660 | Lair:1   | Noticed a five-headed hydra
 14669 | Lair:1   | Killed a two-headed hydra
 14763 | Lair:1   | Received a gift from Trog
 14765 | Lair:1   | Reached skill level 9 in Bows
 14773 | Lair:1   | Reached XP level 12. HP: 27/76 MP: 12/12
 15818 | Lair:1   | Identified a scroll of acquirement
 15821 | Lair:1   | Got a pair of transparent boots
 15832 | Lair:1   | Identified the +4 pair of boots of Happy Babbling {Slay+2} (You acquired it on level 1 of the Lair of Beasts)
 15997 | Lair:1   | Reached skill level 10 in Axes
 16712 | Lair:2   | Noticed a five-headed hydra
 16724 | Lair:2   | Killed a five-headed hydra
 17203 | Lair:3   | Noticed a death yak
 17203 | Lair:3   | Noticed a death yak
 17208 | Lair:3   | Noticed a death yak
 17214 | Lair:2   | Killed a death yak
 17226 | Lair:3   | Reached skill level 10 in Bows
 17229 | Lair:3   | Killed a death yak
 17230 | Lair:3   | Killed a death yak
 17428 | Lair:3   | Reached skill level 10 in Fighting
 17580 | Lair:3   | Found a staircase to the Snake Pit.
 17771 | Lair:3   | Reached XP level 13. HP: 81/82 MP: 13/13
 18080 | Lair:3   | Found a runed door.
 18521 | Lair:4   | Found a staircase to the Shoals.
 18735 | Lair:4   | Noticed Harold
 18750 | Lair:4   | Received a gift from Trog
 18756 | Lair:4   | Killed Harold
 18990 | Lair:4   | Reached skill level 11 in Bows
 19241 | Lair:4   | Reached skill level 10 in Armour
 20446 | Lair:5   | Found a staircase to the Slime Pits.
 20525 | Lair:6   | Entered Level 6 of the Lair of Beasts
 20638 | Lair:6   | Received a gift from Trog
 21144 | Lair:6   | Gained mutation: Your large and strong wings let you fly indefinitely. [Gargoyle growth]
 21144 | Lair:6   | Reached XP level 14. HP: 90/90 MP: 14/14
 21394 | Lair:6   | Reached skill level 12 in Bows
 21506 | Lair:6   | Reached ****** piety under Trog
 22096 | Lair:6   | Noticed an entropy weaver
 22110 | Lair:6   | Killed an entropy weaver
 22133 | Lair:6   | Noticed an entropy weaver
 22136 | Lair:6   | Killed an entropy weaver
 22979 | Lair:6   | Received a gift from Trog
 23504 | D:11     | Noticed Erica
 23508 | D:11     | Killed Erica
 23684 | D:11     | Reached XP level 15. HP: 56/96 MP: 15/15
 23952 | D:11     | Noticed a frost giant
 23970 | D:11     | Killed a frost giant
 23970 | D:11     | Reached skill level 13 in Bows
 24090 | D:11     | Got a polished ring mail
 24308 | D:11     | Found a staircase to the Orcish Mines.
 24606 | D:11     | Received a gift from Trog
 25263 | D:12     | Noticed Fannar
 25278 | D:12     | Killed Fannar
 26001 | Orc:1    | Entered Level 1 of the Orcish Mines
 26170 | Orc:1    | Received a gift from Trog
 26245 | Orc:1    | You are sucked into a shaft!
 26245 | Orc:2    | Entered Level 2 of the Orcish Mines
 26257 | Orc:2    | Noticed Donald
 26276 | Orc:2    | Killed Donald
 26464 | Orc:2    | Found a staircase to the Elven Halls.
 26512 | Orc:2    | Identified the +1 ring mail "Ybrusil" {SInv Stlth+} (You found it on level 11 of the Dungeon)
 26551 | Orc:2    | Paralysed by an orc sorcerer for 6 turns
 26670 | Orc:2    | Found Zokhle Ehusa's Distillery.
 26670 | Orc:2    | Found Iliuphev's Food Shoppe.
 26732 | Orc:2    | Found a roughly hewn altar of Beogh.
 26791 | Orc:2    | Received a gift from Trog
 27296 | Orc:1    | Noticed Nergalle
 27313 | Orc:1    | Killed Nergalle
 27624 | Orc:2    | Found Cez Dio's Antique Weapon Shoppe.
 27836 | Orc:2    | Found Roes's Food Shop.
 27836 | Orc:2    | Found Duetoej's Antique Armour Shoppe.
 28017 | D:13     | Received a gift from Trog
 28328 | D:13     | Noticed a fire giant
 28360 | D:13     | Killed a fire giant
 28361 | D:13     | Received a gift from Trog
 28466 | D:13     | Reached XP level 16. HP: 68/103 MP: 16/16
 28650 | D:13     | Reached skill level 14 in Bows
 28653 | D:13     | Received a gift from Trog
 29314 | D:14     | Noticed Azrael
 29353 | D:14     | Killed Azrael
 29891 | D:14     | Got a jewelled ring mail
 29907 | D:14     | Identified the +1 ring mail of Pride {rPois rC+ Dex-2} (You found it on level 14 of the Dungeon)
 30558 | D:14     | Found a sparkling altar of Nemelex Xobeh.
 30764 | D:14     | Found a gate to the Vaults.
 30791 | D:15     | Entered Level 15 of the Dungeon
 30820 | D:15     | Found a frozen archway.
 30903 | IceCv    | Entered an ice cave
 31179 | IceCv    | Received a gift from Trog
 31316 | IceCv    | Reached skill level 10 in Dodging
 31390 | IceCv    | Got a fine whip
 31540 | D:15     | Identified the cursed +3 whip "Meomeh" {slash, rF+++} (You found it in an ice cave)
 31572 | D:15     | Gained mutation: You are partially covered in slimy green scales. (AC +2) [potion of beneficial mutation]
 31597 | D:15     | Received a gift from Trog
 31807 | D:15     | Found a sacrificial altar of Ru.
 32327 | D:15     | Found a staircase to the Depths.
 32777 | D:14     | Gained mutation: Your spells are a little easier to cast, but a little less powerful. [a shining eye]
 32906 | Snake:1  | Entered Level 1 of the Snake Pit
 34099 | Snake:1  | Reached skill level 15 in Bows
 34107 | Snake:1  | Reached XP level 17. HP: 106/109 MP: 17/17
 34426 | Snake:1  | Received a gift from Trog
 34914 | Snake:2  | Reached skill level 15 in Axes
 36642 | Snake:3  | Noticed Aizul
 36662 | Snake:3  | Killed Aizul
 37068 | Snake:4  | Entered Level 4 of the Snake Pit
 37339 | Snake:4  | Received a gift from Trog
 37419 | Snake:4  | Found a flickering gateway to a bazaar.
 37424 | Bazaar   | Entered a bazaar
 37424 | Bazaar   | Found Timade's Armour Emporium.
 37424 | Bazaar   | Found Fohech's Gadget Shop.
 37439 | Bazaar   | Found Upru's Antique Weapon Shoppe.
 37657 | Bazaar   | Found Ynyedu's Magic Scroll Shop.
 37662 | Bazaar   | Found Qug Lole's General Store.
 37691 | Bazaar   | Bought the +4 chain mail of Kokecw {MR++} for 438 gold pieces
 38323 | Snake:4  | Received a gift from Trog
 38342 | Snake:4  | Reached skill level 16 in Bows
 38396 | Snake:4  | Reached XP level 18. HP: 98/116 MP: 18/18
 38845 | Snake:4  | Received a gift from Trog
 39067 | Snake:4  | Received a gift from Trog
 39113 | Snake:4  | Received a gift from Trog
 39121 | Snake:4  | Got a jewelled war axe {god gift}
 39328 | Snake:4  | Identified the +11 war axe "Dorutz" {distort, rElec rN+ MR+} (Trog gifted it to you on level 4 of the Snake Pit)
 39623 | Snake:4  | Got a serpentine rune of Zot
 39909 | Shoals:1 | Entered Level 1 of the Shoals
 40082 | Shoals:1 | Found Hoebb's Jewellery Emporium.
 40090 | Shoals:1 | Bought the amulet of Vitality {Regen+ HP+15} for 518 gold pieces
 40090 | Shoals:1 | Bought the ring of Qunac {rElec MR+ MP+9 Int-2 Dex+5} for 642 gold pieces
 40461 | Shoals:1 | Received a gift from Trog
 41019 | Shoals:2 | Reached skill level 17 in Bows
 41698 | Shoals:2 | Reached XP level 19. HP: 122/122 MP: 19/19
 42369 | Shoals:3 | Received a gift from Trog
 42824 | Shoals:4 | Entered Level 4 of the Shoals
 43294 | Shoals:4 | Noticed Ilsuiw
 43301 | Shoals:4 | Killed Ilsuiw
 43878 | Shoals:4 | Noticed Kirke
 43881 | Shoals:4 | Killed Kirke
 43881 | Shoals:4 | Reached skill level 15 in Fighting
 44209 | Shoals:4 | Received a gift from Trog
 44263 | Shoals:4 | Got a barnacled rune of Zot
 44650 | Vaults:1 | Entered Level 1 of the Vaults
 45137 | Vaults:1 | Received a gift from Trog
 45237 | Vaults:1 | Noticed a golden dragon
 45267 | Vaults:1 | Killed a golden dragon
 45267 | Vaults:1 | Reached XP level 20. HP: 129/129 MP: 20/20
 45270 | Vaults:1 | Reached skill level 18 in Bows
 45275 | Vaults:1 | Received a gift from Trog
 46147 | Vaults:1 | Received a gift from Trog
 46589 | Vaults:1 | Received a gift from Trog
 47520 | Vaults:2 | Got a distressingly furry helmet
 47521 | Vaults:2 | Identified the +0 helmet of Gozag's Condemnation {rElec Regen+ Str-3} (You found it on level 2 of the Vaults)
 47717 | Vaults:2 | Found a staircase to the Crypt.
 48098 | Vaults:2 | Received a gift from Trog
 48281 | Vaults:2 | Reached skill level 15 in Armour
 48709 | Vaults:2 | Reached XP level 21. HP: 118/136 MP: 21/21
 49368 | Vaults:3 | Received a gift from Trog
 49812 | Vaults:3 | Reached skill level 19 in Bows
 49872 | Vaults:3 | Found Iryguofo's Food Boutique.
 49884 | Vaults:3 | Received a gift from Trog
 50972 | Vaults:4 | Noticed Mara
 50979 | Vaults:4 | Noticed nikopol's illusion
 51012 | Vaults:4 | Noticed nikopol's illusion
 51013 | Vaults:4 | Killed Mara
 51282 | Vaults:4 | Found Luecan's Food Boutique.
 51344 | Vaults:4 | Received a gift from Trog
 51446 | Vaults:4 | Noticed Frederick
 51457 | Vaults:4 | Killed Frederick
 51477 | Vaults:4 | Received a gift from Trog
 51557 | Vaults:4 | Noticed Mennas
 51575 | Vaults:4 | Killed Mennas
 51790 | Vaults:4 | Received a gift from Trog
 52180 | Vaults:4 | Received a gift from Trog
 52785 | Vaults:4 | Reached XP level 22. HP: 125/143 MP: 22/22
 53174 | Vaults:2 | Received a gift from Trog
 54114 | D:8      | Bought a scroll of enchant weapon for 90 gold pieces
 54114 | D:8      | Bought 3 scrolls of enchant weapon for 270 gold pieces
 54303 | Elf:1    | Entered Level 1 of the Elven Halls
 54330 | Elf:1    | Found a radiant altar of Vehumet.
 54598 | Elf:1    | Noticed Frances
 54620 | Elf:1    | Killed Frances
 55300 | Elf:1    | Received a gift from Trog
 55727 | Elf:2    | Found Kiomiub's Distillery.
 55868 | Elf:2    | Reached skill level 20 in Bows
 55920 | Elf:2    | Received a gift from Trog
 55959 | Elf:2    | Found a runed gate.
 55971 | Elf:2    | Found a runed gate.
 55971 | Elf:2    | Found a runed gate.
 56597 | Elf:2    | Received a gift from Trog
 56911 | Elf:3    | Entered Level 3 of the Elven Halls
 56948 | Elf:3    | Noticed Nikola
 56954 | Elf:3    | Killed Nikola
 57183 | Elf:3    | Found Ykhlor's Weapon Boutique.
 57687 | Elf:3    | Reached XP level 23. HP: 129/149 MP: 23/23
 57724 | Elf:3    | Received a gift from Trog
 58123 | Elf:3    | Got a flickering emerald amulet
 58419 | Elf:3    | Identified the amulet of Siklethut {Reflect Str+2 SH+2 SInv} (You took it off a deep elf demonologist on level 3 of the Elven Halls)
 58538 | Elf:3    | Got a crude plate armour
 58539 | Elf:3    | Identified the cursed +1 plate armour of the Oligarchy {MR+ Regen+} (You found it on level 3 of the Elven Halls)
 59091 | Vaults:5 | Entered Level 5 of the Vaults
 59104 | Vaults:4 | Received a gift from Trog
 59238 | Vaults:5 | Received a gift from Trog
 59316 | Vaults:5 | HP: 4/150 [titan (17)]
 59317 | Vaults:5 | Received a gift from Trog
 59566 | Vaults:5 | Reached skill level 21 in Bows
 59679 | Vaults:5 | Reached XP level 24. HP: 133/156 MP: 23/23
 59743 | Vaults:5 | Noticed an ancient lich
 59753 | Vaults:5 | Killed an ancient lich
 60061 | Vaults:5 | Received a gift from Trog
 60321 | Vaults:5 | Received a gift from Trog
 60689 | Vaults:5 | Got a pair of fine gloves
 60703 | Vaults:5 | Identified the +1 pair of gloves "Jarudda" {Str+2 Stlth+} (You found it on level 5 of the Vaults)
 60757 | Vaults:5 | Got a silver rune of Zot
 60843 | Vaults:5 | Received a gift from Trog
 60854 | Vaults:5 | Got a pitted ring mail
 60855 | Vaults:5 | Identified the +3 ring mail of a sewer {rF+ Slay+2 SInv} (You found it on level 5 of the Vaults)
 61408 | Vaults:5 | Found Pucoicwu's Food Shop.
 61427 | Vaults:5 | Received a gift from Trog
 62062 | Depths:1 | Entered Level 1 of the Depths
 62074 | Depths:1 | Reached XP level 25. HP: 151/163 MP: 23/23
 62090 | Depths:1 | Received a gift from Trog
 62156 | Depths:1 | Found a gateway to a ziggurat.
 62255 | Depths:1 | Found a one-way gate to the infinite horrors of the Abyss.
 62384 | Depths:1 | Got a twisted battleaxe
 62385 | Depths:1 | Identified the +7 battleaxe of the Wary Eyes {freeze, Str+4} (You found it on level 1 of the Depths)
 62530 | Depths:1 | Noticed Sojobo
 62553 | Depths:1 | Killed Sojobo
 62553 | Depths:1 | Reached skill level 22 in Bows
 62575 | Depths:1 | Received a gift from Trog
 62683 | Depths:1 | Received a gift from Trog
 62907 | Depths:1 | Received a gift from Trog
 63055 | Depths:1 | Found a gateway to Hell.
 63942 | Slime:1  | Entered Level 1 of the Pits of Slime
 63942 | Slime:1  | Noticed Lovchig's ghost (journeyman DDFi)
 63962 | Slime:1  | Killed Lovchig's ghost
 64014 | Slime:1  | Gained mutation: You are clumsy. (Dex -2) [a shining eye]
 64016 | Slime:1  | Gained mutation: Your spells are easier to cast, but less powerful. [a shining eye]
 64516 | Slime:1  | Reached skill level 15 in Dodging
 65011 | Slime:2  | Received a gift from Trog
 65013 | Slime:2  | Noticed Dissolution
 65033 | Slime:2  | Killed Dissolution
 65382 | Slime:3  | Received a gift from Trog
 65425 | Slime:2  | Received a gift from Trog
 65594 | Slime:3  | Reached XP level 26. HP: 109/170 MP: 23/23
 67328 | Slime:4  | Received a gift from Trog
 67514 | Slime:5  | Entered Level 5 of the Pits of Slime
 67670 | Slime:5  | Gained mutation: You have a beak for a mouth. [a shining eye]
 68180 | Slime:5  | Found a viscous altar of Jiyva.
 68181 | Slime:5  | Noticed the Royal Jelly
 68220 | Slime:5  | Killed the Royal Jelly
 68220 | Slime:5  | Received a gift from Trog
 68818 | Slime:5  | Gained mutation: You are very clumsy. (Dex -4) [a shining eye]
 69475 | Slime:5  | Got a slimy rune of Zot
 69500 | Slime:5  | Gained mutation: You have sharp toenails. [potion of beneficial mutation]
 69658 | Slime:5  | Got a heavily runed chain mail
 69659 | Slime:5  | Identified the +3 chain mail of the Orb {+Fly rElec rN+ Dex+4} (You found it on level 5 of the Pits of Slime)
 70104 | Depths:2 | Found a runed door.
 70290 | Depths:2 | Found a runed door.
 70297 | Depths:2 | Found a runed door.
 70326 | Depths:2 | Found a runed door.
 70416 | Depths:2 | Got a fine plate armour
 70417 | Depths:2 | Identified the +11 plate armour "Giseor" {+Fly} (You found it on level 2 of the Depths)
 70446 | Depths:2 | Got a twisted chain mail
 70447 | Depths:2 | Identified the +0 chain mail "Huluse" {rElec Dex+3} (You found it on level 2 of the Depths)
 70543 | Depths:2 | Received a gift from Trog
 70698 | Depths:2 | Reached skill level 23 in Bows
 70767 | Depths:2 | Received a gift from Trog
 71164 | Depths:2 | Found a portal to a secret trove of treasure.
 71405 | Depths:2 | Reached XP level 27. HP: 149/177 MP: 23/23
 71482 | Depths:2 | Found Puaj's Gadget Emporium.
 71487 | Depths:2 | Found Pasy's Gadget Emporium.
 71499 | Depths:2 | Found Suggyc's Jewellery Boutique.
 72143 | Depths:3 | Received a gift from Trog
 72357 | Depths:3 | Noticed Bai Suzhen
 72376 | Depths:3 | Killed Bai Suzhen
 72400 | Depths:3 | Received a gift from Trog
 72865 | Depths:3 | Received a gift from Trog
 73307 | Depths:3 | Found a one-way gate leading to the halls of Pandemonium.
 73625 | Depths:4 | Received a gift from Trog
 73914 | Depths:4 | Noticed a juggernaut
 73933 | Depths:4 | Killed a juggernaut
 74623 | Depths:4 | Received a gift from Trog
 74709 | Depths:4 | Paralysed by a floating eye for 2 turns
 74782 | Depths:4 | Found a runed door.
 74785 | Depths:4 | Noticed an ancient lich
 74834 | Depths:4 | Killed an ancient lich
 74834 | Depths:4 | Reached skill level 24 in Bows
 74977 | Depths:4 | Received a gift from Trog
 74984 | Depths:4 | Noticed Saint Roka
 75003 | Depths:4 | Killed Saint Roka
 75412 | Depths:5 | Entered Level 5 of the Depths
 75617 | Depths:5 | Noticed a juggernaut
 75628 | Depths:5 | Killed a juggernaut
 75845 | Depths:5 | Received a gift from Trog
 75963 | Depths:5 | Found an iron altar of Okawaru.
 76316 | Depths:5 | Received a gift from Trog
 76763 | Depths:5 | Received a gift from Trog
 77034 | Depths:5 | Found a gate to the Realm of Zot.
 77289 | D:14     | Received a gift from Trog
 77407 | Crypt:1  | Entered Level 1 of the Crypt
 77932 | Crypt:1  | Received a gift from Trog
 78094 | Crypt:1  | Received a gift from Trog
 79100 | Crypt:2  | Received a gift from Trog
 79889 | Crypt:3  | Entered Level 3 of the Crypt
 80418 | Crypt:3  | Found an ancient bone altar of Kikubaaqudgha.
 80418 | Crypt:3  | Noticed an ancient lich
 80432 | Crypt:3  | Killed an ancient lich
 80794 | Crypt:3  | Received a gift from Trog
 80968 | Crypt:3  | Reached skill level 25 in Bows
 81243 | Crypt:3  | Found a staircase to the Tomb.
 81907 | Hell     | Entered the Vestibule of Hell
 81907 | Hell     | Noticed Geryon
 81941 | Hell     | Killed Geryon
 81943 | Hell     | Received a gift from Trog
 82082 | Hell     | Found a gateway to the freezing wastes of Cocytus.
 82338 | Hell     | Found a gateway to the Iron City of Dis.
 82488 | Hell     | Found a gateway to the ashen valley of Gehenna.
 82608 | Hell     | Found a gateway to the decaying netherworld of Tartarus.
 82761 | Dis:1    | Entered Level 1 of the Iron City of Dis
 82779 | Dis:1    | Received a gift from Trog
 83102 | Dis:1    | Received a gift from Trog
 83105 | Dis:1    | Got a jewelled shortbow {god gift}
 83106 | Dis:1    | Identified the +5 shortbow of a volcano {flame, rPois Str+5 Int+4 Stlth-} (Trog gifted it to you on level 1 of the Iron City of Dis)
 84093 | Dis:1    | Received a gift from Trog
 84503 | Dis:2    | Received a gift from Trog
 85779 | Dis:3    | Received a gift from Trog
 86693 | Dis:3    | Received a gift from Trog
 86986 | Dis:3    | Received a gift from Trog
 88065 | Dis:4    | Received a gift from Trog
 88246 | Dis:4    | Received a gift from Trog
 89453 | Dis:5    | Reached skill level 26 in Bows
 89660 | Dis:5    | Received a gift from Trog
 90652 | Dis:5    | Received a gift from Trog
 90819 | Dis:7    | Entered Level 7 of the Iron City of Dis
 90831 | Dis:7    | Received a gift from Trog
 91060 | Zot:1    | Entered Level 1 of the Realm of Zot
 92743 | Zot:2    | Received a gift from Trog
 93531 | Zot:3    | Received a gift from Trog
 93996 | Zot:3    | Noticed an orb of fire
 94006 | Zot:3    | Killed an orb of fire
 95366 | Zot:4    | Received a gift from Trog
 96198 | Depths:3 | Received a gift from Trog
 97439 | Dis:7    | Reached skill level 27 in Bows
 97480 | Dis:7    | Received a gift from Trog
 97806 | Dis:7    | Received a gift from Trog
 98088 | Dis:7    | Noticed Quirk's ghost (legendary MiFi)
 98177 | Dis:7    | Killed Quirk's ghost
 99131 | Dis:7    | Received a gift from Trog
 99825 | Dis:7    | Received a gift from Trog
 99906 | Dis:7    | Got a transparent longbow
 99909 | Dis:7    | Identified the +1 longbow "Xoep" {velocity, rN++ Int+4} (You found it on level 7 of the Iron City of Dis)
100067 | Dis:7    | Received a gift from Trog
100372 | Dis:7    | Noticed Dispater
100417 | Dis:7    | Killed Dispater
100456 | Dis:7    | Received a gift from Trog
100556 | Dis:7    | Got an iron rune of Zot
100712 | Tar:1    | Entered Level 1 of Tartarus
100804 | Tar:1    | Received a gift from Trog
100815 | Tar:1    | Reached skill level 1 in Stealth
100994 | Tar:2    | Received a gift from Trog
101995 | Tar:5    | Reached skill level 5 in Stealth
102081 | Tar:5    | Received a gift from Trog
102219 | Tar:6    | Received a gift from Trog
102465 | Tar:7    | Entered Level 7 of Tartarus
102999 | Tar:7    | Noticed the Serpent of Hell
103015 | Tar:7    | Killed the Serpent of Hell
103150 | Tar:7    | Received a gift from Trog
103152 | Tar:7    | Noticed Ereshkigal
103173 | Tar:7    | HP: 4/193 [hellion/damnation[Ereshkigal] (31)]
103174 | Tar:7    | Killed from afar by a hellion

Skill      XL: |  1  2  3  4  5  6  7  8  9 10 11 12 13 14 15 16 17 18 19 20 21 22 23 24 25 26 27 |
---------------+----------------------------------------------------------------------------------+-----
Dodging        | 2 3 4 5 6 7 8 9 10 11 12 13 14 15 20 | 20.6
Axes           | 3 4 5 6 8 9 10 11 13 14 15 16 17 18 19 20 21 22 26 | 26.5
Fighting       | 4 5 6 7 8 9 10 11 12 13 14 15 16 17 18 19 25 | 25.3
Armour         | 3 4 5 6 7 8 9 10 11 12 13 14 15 16 17 18 24 | 24.9
Bows           | 2 5 7 9 10 11 12 13 15 16 17 18 19 20 21 22 23 27 | 27.0
Stealth        | 8 |  8.0

Action                   |  1- 3 |  4- 6 |  7- 9 | 10-12 | 13-15 | 16-18 | 19-21 | 22-24 | 25-27 || total
-------------------------+-------+-------+-------+-------+-------+-------+-------+-------+-------++-------
Melee: Hand axe          |   127 |   312 |   468 |       |       |       |       |       |       ||   907
       War axe           |       |       |    60 |   419 |   448 |   414 |       |       |       ||  1341
       Battleaxe         |       |       |       |     6 |       |   114 |   645 |   418 |  3073 ||  4256
       Peck              |       |       |       |       |       |       |       |       |  1169 ||  1169
       Executioner's axe |       |       |       |       |       |       |       |       |   573 ||   573
 Fire: Shortbow          |       |       |   108 |   356 |  1156 |  1099 |       |       |       ||  2719
       Longbow           |       |       |       |       |       |   180 |   986 |   893 |  3135 ||  5194
Invok: Berserk           |       |     7 |     6 |     7 |     7 |     7 |     4 |     1 |     5 ||    44
       Trog's Hand       |       |     1 |     1 |       |     1 |       |       |     1 |     1 ||     5
       Burn Spellbooks   |       |       |     1 |     2 |     8 |     2 |     4 |     9 |    17 ||    43
       Brothers in Arms  |       |       |       |     2 |     3 |     3 |       |     1 |     3 ||    12
 Abil: Fly               |       |       |       |       |     1 |     1 |       |       |     2 ||     4
       Stop Flying       |       |       |       |       |       |     1 |     1 |       |     2 ||     4
Evoke: Wand              |       |       |       |       |       |       |       |     2 |     1 ||     3
  Use: Scroll            |       |       |     9 |    12 |    12 |    20 |    10 |    27 |    18 ||   108
       Potion            |       |       |       |     2 |     1 |     1 |       |     4 |     7 ||    15
 Stab: Sleeping          |     1 |       |       |       |       |       |       |       |       ||     1
       Distracted        |       |       |       |       |       |       |       |       |     1 ||     1
  Eat: Chunk             |     2 |     5 |    18 |    31 |    41 |    38 |    38 |    30 |    59 ||   262
       Pizza             |       |     1 |       |     3 |       |     1 |       |       |     4 ||     9
       Beef jerky        |       |     2 |       |       |       |       |       |       |    16 ||    18
       Bread ration      |       |     2 |       |       |       |       |       |       |     6 ||     8
       Fruit             |       |       |     2 |       |       |     3 |       |       |    18 ||    23
       Royal jelly       |       |       |       |       |       |     2 |       |       |     2 ||     4
Armor: Animal skin       |     4 |       |       |       |       |       |       |       |       ||     4
       Leather armour    |    36 |    64 |   255 |     1 |       |       |       |       |       ||   356
       Chain mail        |       |    75 |       |     5 |    73 |   512 |   468 |   155 |       ||  1288
       Ring mail         |       |       |       |   233 |   303 |       |       |       |       ||   536
       Plate armour      |       |       |       |       |       |       |       |   209 |       ||   209
       Gold dragon scale |       |       |       |       |       |       |       |    13 |  2886 ||  2899
Dodge: Dodged            |    85 |   165 |   382 |   333 |   380 |   497 |   495 |   379 |  2289 ||  5005
Block: Other             |       |       |       |       |       |       |    87 |    69 |   203 ||   359
       Reflection        |       |       |       |       |       |       |    22 |    10 |     3 ||    35
